 Dungeon Crawl Stone Soup version 0.29.1-12-g30fa7ad0bf (webtiles) character file.

Game seed: 15003914168779807750

39 hawla the Chiller (level 3, -2/26 HPs)
             Began as a Meteoran Ice Elementalist on Jan 8, 2023.
             Slain by an orc warrior
             ... wielding a +0 mace
              (12 damage)
             ... on level 5 of the Dungeon.
             The game lasted 00:02:18 (394 turns).

hawla the Chiller (Meteoran Ice Elementalist)        Turns: 394, Time: 00:02:19

Health: -2/26      AC:  2    Str: 10    XL:     3   Next: 97%
Magic:  4/8        EV: 12    Int: 18    God:
Gold:   43         SH:  0    Dex: 14    Spells: 4/8 levels left

rFire   . . .      SeeInvis .   (no weapon)
rCold   . . .      Faith    .   (no shield)
rNeg    . . .      Spirit   .   a - +0 robe
rPois   .          Reflect  .   (no helmet)
rElec   .          Harm     .   (no cloak)
rCorr   .          Rampage  .   (no gloves)
Will    .....                   (no boots)
Stlth   +.........              (no amulet)
HPRegen 0.08/turn               (no ring)
MPRegen 0.11/turn               (no ring)

@: freezing walls, glowing
A: sense surroundings 1, otherworldly, glowing, explore regen
a: no special abilities


You were on level 5 of the Dungeon.
You visited 2 branches of the dungeon, and saw 6 of its levels.

You collected 43 gold pieces.

Inventory:

Armour
 a - a +0 robe (worn)
Potions
 b - a potion of might {unknown}
 c - a potion of curing {unknown}
 d - a potion of degeneration {unknown}


   Skills:
 + Level 2.6 Dodging
 - Level 1.4 Stealth
 + Level 3.2 Spellcasting
 + Level 5.3 Ice Magic


You had 4 spell levels left.
You knew the following spells:

 Your Spells              Type           Power      Damage    Failure   Level
a - Freeze                Ice            88%        1d10      1%          1
b - Frozen Ramparts       Ice            44%        1d7       5%          3

Your spell library contained the following spells:

 Spells                   Type           Power      Damage    Failure   Level
 Ozocubu's Armour         Ice            22%        N/A       5%          3
 Magic Dart               Conj           8%         1d3       16%         1
 Call Imp                 Summ           2%         N/A       24%         2
 Mephitic Cloud           Conj/Pois/Air  2%         N/A       43%         3
 Hailstorm                Conj/Ice       12%        3d5       47%         4


Dungeon Overview and Level Annotations

Branches:
Dungeon (6/15) Zot: 2657   Temple (1/1) D:5 Zot: 548

Altars:
Elyvilon
Gozag
Makhleb
Nemelex Xobeh
Ru
Trog
Uskayaw
Zin
The Shining One

Shops:
D:2 (


Innate Abilities, Weirdness & Mutations

You passively map a small area around you.
You are easily found by Zot.
You glow in the dark.
You regain HP and MP as you explore.


Message History

Done exploring.
Done exploring.
Done exploring.
There is a burning altar of Makhleb here.
Search for what [? for help]? veh Can't find anything matching that.
(D) Dungeon (T) Temple
Where to? (? - help)
What level of the Dungeon? (default 5, ? - help)
There is a staircase back to the Dungeon here.
You climb upwards.
Welcome back to the Dungeon!
You hear the hiss of flowing sand.
There is an entrance to an ossuary on this level.
Hurry and find it before the portal is buried!
You hear the slow hiss of a very distant avalanche of sand.
The orc warrior hits you with a +0 mace!
Ouch! That really hurt!
The orc barely misses you.
There is a staircase to the Ecumenical Temple, spattered with blood here.
Okay, then.
Casting: Freeze (safe; 1% risk of failure)
Confirm with . or Enter, or press ? or * to list all spells.
The spell is quite dangerous to miscast (5% risk of failure)!
Continue anyway?
Casting: Frozen Ramparts (quite dangerous; 5% risk of failure)
Press: ? - help, Dir - look around, f - activate A staircase to the Ecumenical Temple, spattered with blood.
The walls around you are covered in ice.
The wall freezes the orc.
The orc barely misses you.
The wall freezes the orc warrior.
The orc warrior barely misses you.
Casting: Frozen Ramparts (quite dangerous; 5% risk of failure)
Confirm with . or Enter, or press ? or * to list all spells.
Aiming: Freeze (safe; 1% risk of failure)
Press: ? - help, Shift-Dir - straight line, f - orc warrior
Aim: an orc warrior, wielding a +0 mace and wearing a +0 plate armour (lightly wounded)
You freeze the orc warrior.
The orc warrior is lightly wounded.
The wall freezes the orc!
You kill the orc!
The wall freezes the orc warrior but does no damage.
The orc warrior hits you with a +0 mace!
You die...

#############
#≈≈≈≈≈≈≈≈≈≈≈#
#≈≈≈≈≈≈≈≈≈≈≈#
#≈≈≈≈≈≈≈≈≈≈≈#
#≈≈≈#####≈≈≈#
#≈≈≈#...##########
#≈≈≈#)@......o...#
#≈≈≈#o..########.#
#≈≈≈#####≈≈≈# #.#
#≈≈≈≈≈≈≈≈≈≈≈# #.#
#≈≈≈≈≈≈≈≈≈≈≈# #.#
#≈≈≈≈≈≈≈≈≈≈≈# #.#
############# #o#
#.# #.##


You could see an orc warrior and an orc.

Vanquished Creatures
  An iguana (D:5)
  An adder (D:2)
  An orc (D:5)
  A giant cockroach (D:2)
  A goblin (D:1)
  A hobgoblin (D:2)
  3 ball pythons
9 creatures vanquished.

Notes
Turn   | Place    | Note
-------+----------+-------------------------------------------
     0 | D:1      | hawla the Meteoran Ice Elementalist began the quest for the
                  | Orb.
     0 | D:1      | Reached XP level 1. HP: 14/14 MP: 5/5
    97 | D:2      | Reached XP level 2. HP: 18/20 MP: 2/6
   106 | D:2      | Found Morou's Weapon Shoppe.
   115 | D:2      | Reached skill level 5 in Ice Magic
   119 | D:2      | HP: 1/20 [poisoned by an adder]
   238 | D:3      | You fall into a shaft and drop 3 floors!
   282 | D:6      | Noticed a jelly
   291 | D:5      | Entered Level 5 of the Dungeon
   298 | D:5      | Reached XP level 3. HP: 21/26 MP: 3/8
   302 | D:5      | Learned a level 3 spell: Frozen Ramparts
   318 | D:5      | Noticed an orc warrior
   330 | D:5      | Found a staircase to the Ecumenical Temple.
   340 | Temple   | Entered the Ecumenical Temple
   394 | D:5      | Slain by an orc warrior

Illustrated notes

Levels and vault maps discovered:
D:1:      dpeg_arrival_radiant, layout_loops_corners, serial_forest,
          infiniplex_forest_zigzag_2, infiniplex_forest_lined_room_,
          infiniplex_forest_zigzag_1, infiniplex_forest_clump_curved,
          infiniplex_forest_straight_4, infiniplex_forest_clump_curved
D:2:      layout_basic, serial_shops, shop_statue, shop, nicolae_shop_trees,
          shop, nicolae_shop_crystal, shapermc_ecumenical_altar_gd
D:3:      layout_loops_corners, nicolae_yredelemnul_ghost_church,
          kiku_gazebo_garden_becter, kennysheep_jessica_study, uniq_grinder,
          uniq_jessica, uniq_ijyb
D:5:      layout_rooms, lemuel_tele_altar, minmay_temple_entry_poolview,
          gup_ossuary_entry_pyramid, chequers_serial_rivers_micro_e,
          uniq_crazy_yiuf_cottage
D:6:      layout_rooms, gup_sewer_entry_pipe, minmay_fractal_squares_5
Temple:   nicolae_temple_cloud_nine

Skill      XL: |  1  2 |
---------------+-------+-----
Ice Magic      | 5 |  5.3
Spellcasting   | 3 |  3.2
Dodging        | |  2.6
Stealth        | |  1.4

Action                   || total
-------------------------++-------
 Cast: Freeze            ||    17
       Frozen Ramparts   ||     1
  Use: Potion            ||     1
Dodge: Dodged            ||    11
